 Dungeon Crawl Stone Soup version 0.25-a0-100-g33052ceff8 (webtiles) character file.

Game seed: 3062163022878168896, levelgen mode: deterministic

3908 vurker the Thaumaturge (level 10, -7/74 HPs)
             Began as a Mummy Fire Elementalist on Nov 14, 2019.
             Was an Initiate of Gozag.
             Mangled by a slime creature (14 damage)
             ... on level 7 of the Dungeon.
             The game lasted 00:19:01 (11357 turns).

vurker the Thaumaturge (Mummy Fire Elementalist)   Turns: 11357, Time: 00:19:02

Health: -7/74      AC:  4    Str: 15    XL:     10   Next: 1%
Magic:  20/23      EV: 12    Int: 18    God:    Gozag
Gold:   1058       SH:  8    Dex: 12    Spells: 14/27 levels left

rFire    x . .     SeeInvis .   g - +1 whip (elec)
rCold    + . .     Gourm    .   h - +3 buckler
rNeg     + + +     Faith    .   a - +0 robe
rPois    ∞         Spirit   .   b - +0 helmet
rElec    .         Reflect  .   (no cloak)
rCorr    .         Harm     .   i - +0 pair of gloves
MR       +....                  (no boots)
Stlth    ++........             e - amulet of magic regeneration
HPRegen  0.22/turn              l - +3 ring of strength
MPRegen  0.43/turn              (no ring)

@: no status effects
A: no food or potions, fire vulnerability, cold resistance 1, negative energy
resistance 3, torment resistance, unbreathing
a: Potion Petition, Call Merchant, Bribe Branch, Renounce Religion


You were on level 7 of the Dungeon.
You worshipped Gozag.
Gozag was most pleased with you.
You were not hungry.

You visited 2 branches of the dungeon, and saw 8 of its levels.
You also visited: Bailey.

You collected 1128 gold pieces.
You paid 70 gold pieces to Gozag.

Inventory:

Hand Weapons
 g - a +1 whip of electrocution (weapon)
   (You took it off Pikel on level 6 of the Dungeon)
 k - a +2 dagger of freezing
   (You found it on level 5 of the Dungeon)
Armour
 a - a +0 robe (worn)
 b - a +0 helmet (worn)
   (You found it on level 1 of the Dungeon)
 h - a +3 buckler (worn)
   (You found it on level 4 of the Dungeon)
 i - a +0 pair of gloves (worn)
   (You found it on level 2 of the Dungeon)
Jewellery
 e - an amulet of magic regeneration (around neck)
   (You found it on level 2 of the Dungeon)
 l - a +3 ring of strength (left hand)
   (You found it on level 1 of the Dungeon)
Wands
 n - a wand of enslavement (8)
   (You found it on level 5 of the Dungeon)
Scrolls
 c - a scroll of enchant armour
 d - a scroll of remove curse
 f - 4 scrolls of teleportation
 j - 4 scrolls of immolation
 m - 2 scrolls of identify
 o - a scroll of blinking


   Skills:
 + Level 5.0 Fighting
 - Level 1.5 Dodging
 - Level 1.5 Stealth
 - Level 4.0 Shields
 * Level 9.1 Spellcasting
 * Level 6.0 Conjurations
 * Level 6.5 Fire Magic


You had 14 spell levels left.
You knew the following spells:

 Your Spells              Type           Power        Failure   Level  Hunger
a - Flame Tongue          Conj/Fire      ####.        1%          1    N/A
c - Conjure Flame         Conj/Fire      ####....     1%          3    N/A
q - Sticky Flame          Conj/Fire      ####....     7%          4    N/A
z - Fireball              Conj/Fire      ####......   19%         5    N/A

Your spell library contained the following spells:

 Spells                   Type           Power        Failure   Level  Hunger
 Throw Flame              Conj/Fire      ####..       1%          2    N/A
 Inner Flame              Hex/Fire       ###.....     7%          3    N/A

Dungeon Overview and Level Annotations

Branches:
Dungeon (7/15)             Temple (1/1) D:4          Bailey (visited)

Altars:
Ashenzari
Cheibriados
Dithmenos
Elyvilon
Fedhas
Gozag
Hepliaklqana
Kikubaaqudgha
Makhleb
Nemelex Xobeh
Okawaru
Qazlal
Ru
Sif Muna
Trog
Vehumet
Wu Jian
Xom
Yredelemnul
Zin
The Shining One


Innate Abilities, Weirdness & Mutations

You do not eat or drink.
Your flesh is vulnerable to fire.
You are immune to poison.
Your flesh is cold resistant. (rC+)
You are immune to negative energy. (rN+++)
You are immune to unholy pain and torment.
You can survive without breathing.


Message History

Found a stone staircase leading down.
You see here a purple potion.
A hound, a slime creature, a kobold demonologist and an orc wizard come into view.
There are monsters nearby!
There are monsters nearby!
You can't see any susceptible monsters within range! (Use Z to cast anyway.)
The orc wizard shouts!
The slime creature quivers.
You hear a shout!
The orc wizard sings a few bars from the Orcish anthem.
You see here the +3 hand axe of Extremism {protect, rC+}.
You can't see any susceptible monsters within range! (Use Z to cast anyway.)
Aim: a slime creature The flame tongue hits the slime creature!
Aim: a slime creature (lightly wounded)
The flame tongue hits the slime creature!
Aim: a slime creature (moderately wounded)
The flame tongue hits the slime creature!
Aim: a slime creature (moderately wounded)
The flame tongue hits the slime creature!
The orc wizard casts a spell.
The orc wizard flickers and vanishes!
Deactivating autopickup; reactivate with Ctrl-A.
The slime creature hits you!
Aim: a slime creature (heavily wounded)
The flame tongue hits the slime creature!
You hear some strange, mumbled words.
You block the slime creature's attack.
Aim: a slime creature (severely wounded)
The flame tongue hits the slime creature!
The slime creature hits you!
Aim: a slime creature (severely wounded)
The flame tongue hits the slime creature.
The slime creature hits you!
* * * LOW HITPOINT WARNING * * *
The flame tongue hits the slime creature!
The slime creature barely misses you.
You barely miss the slime creature. The slime creature hits you!
* * * LOW HITPOINT WARNING * * *
You hit the slime creature. You block the slime creature's attack.
The slime creature misses you.
You completely miss the slime creature. The slime creature closely misses you.
You hit the slime creature. The slime creature hits you!!
* * * LOW HITPOINT WARNING * * *
Okay, then.
Aim: a slime creature (severely wounded)
The flame tongue hits the slime creature.
The slime creature hits you!
You die...
Your body crumbles into a pile of gold.

#.#..#.#.##..##
#.##.....###..#
#.####.####..##
#####.#......#.!##
#..!....##.#...##
#..........#...######.#
#......###.#.#.#....h..
#......#####.#..#
#.......@J)....#...J..K
#....########..######.#
#.... #..##$ #...♣
#...## #... #....## #
##.♣ ##....####### #.
####........ #########


You could see a slime creature.

Vanquished Creatures
  Pikel (D:6)
  Grinder (D:4)
  Sigmund (D:4)
  Menkaure (D:6)
  Duvessa (D:6)
  An ice beast (D:5)
  3 orc warriors
  A slave (D:5)
  A phantom (D:6)
  2 sky beasts
  3 ogres
  2 centaurs (D:6)
  2 bullfrogs
  2 scorpions
  10 wights
  2 howler monkeys
  3 crimson imps
  A bullfrog zombie (D:6)
  A centaur skeleton (D:7)
  3 hounds
  2 jellies
  2 orc priests
  A bullfrog skeleton (D:6)
  2 iguanas
  Ijyb (D:4)
  4 worker ants
  Natasha (thrice) (D:2)
  Robin (D:4)
  A worker ant zombie (D:7)
  8 gnolls
  A howler monkey skeleton (D:7)
  6 adders
  6 shadow imps
  An adder zombie (D:7)
  2 adder skeletons (D:5)
  6 worms
  A dart slug (D:4)
  3 leopard geckos
  20 orcs
  6 bats
  7 giant cockroaches
  13 goblins
  12 hobgoblins
  8 jackals
  4 quokkas
  A ball python (D:4)
  4 frilled lizards
  A jackal zombie (D:7)
  9 kobolds
  A quokka skeleton (D:7)
  6 rats
185 creatures vanquished.

Vanquished Creatures (others)
  Dowan (D:6)
1 creature vanquished.

Grand Total: 186 creatures vanquished

Notes
Turn   | Place    | Note
-------+----------+-------------------------------------------
     0 | D:1      | vurker the Mummy Fire Elementalist began the quest for the
                  | Orb.
     0 | D:1      | Reached XP level 1. HP: 13/13 MP: 4/4
   184 | D:1      | Reached skill level 1 in Conjurations
   393 | D:1      | Reached XP level 2. HP: 20/20 MP: 2/5
   438 | D:1      | Reached skill level 3 in Spellcasting
   440 | D:1      | HP: 1/20 [kobold/stone (2)]
  1633 | D:2      | Reached XP level 3. HP: 24/25 MP: 0/7
  1813 | D:2      | Reached skill level 1 in Fighting
  2114 | D:2      | Reached XP level 4. HP: 32/32 MP: 4/9
  2366 | D:2      | Noticed Natasha
  2376 | D:2      | Killed Natasha
  2586 | D:2      | Reached skill level 4 in Spellcasting
  2835 | D:2      | Reached XP level 5. HP: 37/37 MP: 7/11
  3212 | D:2      | Noticed Natasha
  3216 | D:2      | Killed Natasha
  3473 | D:2      | Noticed Natasha
  3476 | D:2      | Killed Natasha
  4728 | D:4      | Noticed Robin
  4740 | D:3      | Reached XP level 6. HP: 9/44 MP: 8/13
  5151 | D:4      | Learned a level 4 spell: Sticky Flame
  5155 | D:4      | Learned a level 3 spell: Conjure Flame
  5161 | D:4      | Learned a level 5 spell: Fireball
  5188 | D:4      | Found a white marble altar of Elyvilon.
  5250 | D:4      | Noticed Ijyb
  5274 | D:4      | Killed Ijyb
  5281 | D:4      | Noticed Grinder
  5286 | D:4      | Paralysed by Grinder for 6 turns
  5295 | D:4      | Killed Grinder
  5295 | D:4      | Reached skill level 1 in Shields
  5295 | D:4      | Reached skill level 5 in Spellcasting
  5295 | D:4      | Reached XP level 7. HP: 41/51 MP: 8/14
  5432 | D:4      | Found a staircase to the Ecumenical Temple.
  5447 | Temple   | Entered the Ecumenical Temple
  5751 | Temple   | Became a worshipper of Gozag Ym Sagoz the Greedy
  5930 | D:4      | Noticed Sigmund
  5975 | D:4      | Killed Sigmund
  6159 | D:4      | Killed Robin
  6413 | D:5      | Entered Level 5 of the Dungeon
  6763 | D:5      | Reached skill level 6 in Spellcasting
  6763 | D:5      | Reached XP level 8. HP: 21/58 MP: 6/17
  7452 | D:6      | Reached skill level 5 in Fire Magic
  7464 | D:6      | Noticed Pikel
  7852 | D:6      | Reached skill level 7 in Spellcasting
  8043 | D:6      | Noticed Menkaure
  8067 | D:6      | Killed Menkaure
  8225 | D:6      | Reached XP level 9. HP: 65/65 MP: 13/20
  8429 | D:6      | Noticed Duvessa
  8429 | D:6      | Noticed Dowan
  8771 | D:6      | Reached skill level 5 in Conjurations
  8957 | D:6      | Reached skill level 8 in Spellcasting
  9141 | D:6      | Killed Duvessa
  9169 | D:6      | Your ally died
  9669 | D:6      | Killed Pikel
 10486 | D:7      | Found a flagged portal.
 10492 | D:7      | Got a translucent halberd
 10495 | Bailey   | Entered a bailey
 10495 | Bailey   | Noticed an orc knight
 10496 | Bailey   | Noticed an orc knight
 10520 | Bailey   | Noticed an orc knight
 10779 | D:7      | Reached skill level 9 in Spellcasting
 11008 | D:7      | Reached XP level 10. HP: 73/73 MP: 17/23
 11045 | D:7      | Got an ancient hand axe
 11046 | D:7      | Identified the +3 hand axe of Extremism {protect, rC+} (You
                  | found it on level 7 of the Dungeon)
 11206 | D:7      | Reached skill level 5 in Fighting
 11357 | D:7      | Mangled by a slime creature

Levels and vault maps discovered:
D:1:      evilmike_arrival_plus, layout_loops_ring, moated_statue
D:2:      layout_basic, uniq_natasha
D:3:      layout_basic, first_ration
D:4:      layout_loops_ring, minmay_temple_entry_arrows, elyvilon_altar_5,
          uniq_ijyb, uniq_sigmund, uniq_grinder, uniq_robin
D:5:      layout_loops_ring
D:6:      layout_gridville, uniq_menkaure, uniq_duvessa, uniq_pikel
D:7:      minmay_the_grid_octo_2x2 [minmay_the_grid_octo_teeth,
          minmay_the_grid_octo_thin_diamonds,
          minmay_the_grid_octo_tetromino_candy,
          minmay_the_grid_octo_prize_single_spiral], layout_basic,
          enter_bailey_2, serial_shops, nicolae_shop_trees
Temple:   regret_index_temple_sigil_plot

Skill      XL: |  1  2  3  4  5  6  7  8  9 10 |
---------------+-------------------------------+-----
Conjurations   | 1 2 3 4 5 6 |  6.0
Spellcasting   | 3 4 5 6 7 9 |  9.1
Fighting       | 1 2 3 4 5 |  5.0
Fire Magic     | 3 4 5 6 |  6.5
Shields        | 1 2 3 4 |  4.0
Dodging        | |  1.5
Stealth        | |  1.5

Action                   |  1- 3 |  4- 6 |  7- 9 | 10-12 || total
-------------------------+-------+-------+-------+-------++-------
Melee: Unarmed           |    15 |       |       |       ||    15
       Dagger            |    37 |    10 |    33 |       ||    80
       Whip              |       |       |    34 |     4 ||    38
 Cast: Flame Tongue      |    70 |   130 |   281 |    12 ||   493
       Sticky Flame      |       |       |    19 |       ||    19
       Conjure Flame     |       |       |     3 |       ||     3
       Fireball          |       |       |     2 |       ||     2
Evoke: Wand              |       |       |     1 |       ||     1
  Use: Scroll            |       |     7 |     4 |       ||    11
 Stab: Sleeping          |     1 |       |     1 |       ||     2
Armor: Robe              |    37 |    33 |    31 |       ||   101
Dodge: Dodged            |    88 |    40 |    93 |     3 ||   224
Block: Buckler           |       |       |    81 |     4 ||    85

Table legend:
 A = Non-vault XP
 B = Vault XP
 C = Vault XP percentage of total XP
 D = Non-vault monster count
 E = Vault monster count
 F = Vault count percentage of total count
                 A         B        C        D         E       F
            +---------+---------+-------+---------+---------+-------
      Total |    3865 |    1718 |  30.8 |     162 |      22 |  12.0
            +---------+---------+-------+---------+---------+-------
        D:1 |      46 |       0 |   0.0 |      19 |       0 |   0.0
        D:2 |     221 |      33 |  13.0 |      30 |       1 |   3.2
        D:3 |     110 |       0 |   0.0 |      23 |       0 |   0.0
        D:4 |     174 |     569 |  76.6 |      13 |      15 |  53.6
        D:5 |     867 |       0 |   0.0 |      22 |       0 |   0.0
        D:6 |    2089 |     977 |  31.9 |      35 |       3 |   7.9
        D:7 |     358 |     133 |  27.1 |      20 |       1 |   4.8
     Bailey |       0 |       6 | 100.0 |       0 |       2 | 100.0
            +---------+---------+-------+---------+---------+-------
